 Dungeon Crawl Stone Soup version 0.29.1-2-gbd0b4ee654 (webtiles) character file.

Game seed: 14402236337122565931

4193 plokij the Cleaver (level 10, -4/88 HPs)
             Began as a Minotaur Fighter on Oct 23, 2022.
             Was a High Priest of Okawaru.
             Killed from afar by an efreet (39 damage)
             ... with a fireball
             ... on level 10 of the Dungeon.
             The game lasted 00:27:44 (9232 turns).

plokij the Cleaver (Minotaur Fighter)               Turns: 9232, Time: 00:27:45

Health: -4/88      AC: 13    Str: 26    XL:     10   Next: 8%
Magic:  7/9        EV: 18    Int:  5    God:    Okawaru [*****.]
Gold:   438        SH:  7    Dex:  9    Spells: 9/9 levels left

rFire   . . .      SeeInvis +   A - +0 war axe (vorpal)
rCold   + . .      Faith    .   c - +0 buckler
rNeg    . . .      Spirit   .   z - +4 scale mail of Syzifete {Harm rElec rC+}
rPois   .          Reflect  .   (helmet restricted)
rElec   +          Harm     +   (no cloak)
rCorr   .          Rampage  .   (no gloves)
Will    .....                   (no boots)
Stlth   +.........              O - amulet of the acrobat
HPRegen 0.24/turn               w - +4 ring of evasion
MPRegen 0.11/turn               I - ring of see invisible

@: heroic
A: horns 2, retaliatory headbutt
a: Renounce Religion, Heroism, Finesse, Duel


You were on level 10 of the Dungeon.
You worshipped Okawaru.
Okawaru was extremely pleased with you.
You visited 2 branches of the dungeon, and saw 10 of its levels.

You collected 438 gold pieces.

Inventory:

Hand Weapons
 a - a +0 war axe
 r - the +4 trident of Onekkes {freeze, rN+ Will+}
   (You found it on level 2 of the Dungeon)

   It freezes those it strikes, dealing additional cold damage.
   It can also slow down cold-blooded creatures.
   rN:        It protects you from negative energy.
   Will:      It increases your willpower.
 A - a +0 vorpal war axe (weapon)
 E - a +0 shortbow
Armour
 c - a +0 buckler (worn)
 z - the +4 scale mail of Syzifete (worn) {Harm rElec rC+}
   (You found it on level 4 of the Dungeon)

   rC:        It protects you from cold.
   rElec:     It insulates you from electricity.
   Harm:      It increases damage dealt and taken.
 H - +0 acid dragon scales
Jewellery
 h - an amulet of magic regeneration
 m - a ring of wizardry
 w - a +4 ring of evasion (left hand)
 I - a ring of see invisible (right hand)
 L - a +6 ring of dexterity
 M - a ring of see invisible
 O - an amulet of the acrobat (around neck)
Scrolls
 b - 2 scrolls of enchant armour {unknown}
 e - 2 scrolls of fear {unknown}
 i - 3 scrolls of enchant weapon {unknown}
 k - a scroll of blinking {unknown}
 l - 5 scrolls of noise {unknown}
 o - 3 scrolls of magic mapping {unknown}
 p - a scroll of vulnerability {unknown}
 t - 2 scrolls of poison {unknown}
 v - 7 scrolls of identify {unknown}
 x - 6 scrolls of teleportation {unknown}
 y - a scroll of brand weapon {unknown}
 B - a scroll of amnesia {unknown}
 C - a scroll of immolation {unknown}
 N - a scroll of fog {unknown}
Potions
 d - 4 potions of might
 f - a potion of berserk rage {unknown}
 g - 6 potions of curing
 j - 2 potions of brilliance {unknown}
 n - 2 potions of haste {unknown}
 q - 3 potions of resistance {unknown}
 s - 2 potions of magic {unknown}
 u - 4 potions of mutation {unknown}
 D - a potion of flight {unknown}
 F - 2 potions of degeneration {unknown}
 G - 2 potions of heal wounds {unknown}
 J - 2 potions of lignification {unknown}
 K - 2 potions of attraction {unknown}


   Skills:
 + Level 8.3(13.3) Fighting
 + Level 8.4(13.4) Axes
 + Level 8.2(13.2) Armour
 + Level 8.0(13.0) Dodging
 + Level 8.3(13.3) Shields


You had 9 spell levels left.
You didn't know any spells.
Your spell library contained the following spells:

 Spells                   Type           Power      Damage    Failure   Level
 Sandblast                Erth           0%         2d4       75%         1
 Blink                    Tloc           0%         N/A       87%         2
 Passwall                 Tmut/Erth      0%         N/A       87%         2
 Lesser Beckoning         Tloc           0%         N/A       98%         3
 Stone Arrow              Conj/Erth      0%         3d7       98%         3
 Fulminant Prism          Conj/Hex       0%         3d6       100%        4
 Manifold Assault         Tloc           0%         N/A       100%        5
 Chain Lightning          Conj/Air       0%         N/A       100%        9
 Fire Storm               Conj/Fire      0%         5d1       100%        9
 Shatter                  Erth           0%         3d5*      100%        9
 Summon Guardian Golem    Hex/Summ       Unusable   N/A       N/A         3
 Tukima's Dance           Hex            Unusable   N/A       N/A         3
 Summon Ice Beast         Ice/Summ       Unusable   N/A       N/A         4
 Summon Forest            Summ/Tloc      Unusable   N/A       N/A         5
 Summon Mana Viper        Hex/Summ       Unusable   N/A       N/A         5
 Summon Cactus Giant      Summ           Unusable   N/A       N/A         6
 Monstrous Menagerie      Summ           Unusable   N/A       N/A         7

Dungeon Overview and Level Annotations

Branches:
Dungeon (10/15)            Temple (1/1) D:6            Lair (0/5) D:8
    Orc: D:9-12

Altars:
Ashenzari
Cheibriados
Dithmenos
Elyvilon
Fedhas
Gozag
Hepliaklqana
Kikubaaqudgha
Makhleb
Nemelex Xobeh
Okawaru
Qazlal
Ru
Sif Muna
Trog
Uskayaw
Vehumet
Wu Jian
Xom
Yredelemnul
Zin
The Shining One

Shops:
D:4 *   D:10 [

Annotations:
D:3 1 runed translucent door, safid's ghost, amateur MiHu
D:7 2 transporters


Innate Abilities, Weirdness & Mutations

You have a pair of horns on your head.
You reflexively headbutt those who attack you in melee.


Message History

You closely miss the killer bee. You headbutt the killer bee.
You kill the killer bee!
Okawaru accepts your kill.
You start resting.
You feel like a meek peon again.
You start resting.
Magic restored.
You start resting.
HP restored.
You see here a +0 hand axe.
You see here a killer bee corpse.
Things that are here:
a vampire mosquito corpse; a howler monkey corpse
Found Fuap's Antique Armour Shop.
There is an entrance to Fuap's Antique Armour Shop here.
An efreet comes into view.
It is wielding a +3 scimitar of flaming.
Found a stone staircase leading up.
An efreet is nearby!
The efreet completely misses you.
You hit the efreet but do no damage. Your headbutt misses the efreet.
The efreet hits you with a +3 scimitar of flaming.
The efreet burns you.
You hit the efreet but do no damage. The efreet misses you.
You barely miss the efreet.
The efreet hits you with a +3 scimitar of flaming!
The efreet burns you.
You hit the efreet but do no damage.
You headbutt the efreet, but do no damage.
The efreet closely misses you. You furiously retaliate!
You headbutt the efreet. You hit the efreet but do no damage.
The efreet is lightly wounded.
The efreet hits you with a +3 scimitar of flaming!!
The efreet burns you.
The efreet hits you with a +3 scimitar of flaming.
The efreet burns you.
You gain the combat prowess of a mighty hero.
The efreet gestures at you.
The fireball explodes!
The fireball engulfs you!!
You die...

....#..#####.###### #)#
.. #..°..........# #.# .
##..R###.####.# #.# ###<
#.# #.# #.# #. #.#
#.##.#######.# #. #.#
#.##......(..# #☼ #.#
#.######..####
.#####.###.####.# #..#
...........R@...######..#
.##.##.#########........#
#. #.###.#### .. .# #.#
..# ## #.# ... #.# ##.#
#.# #. #.# #.#


You could see an efreet.

Vanquished Creatures
  Maggie (D:6)
  A hornet (D:8)
  5 yaks
  A wyvern (D:10)
  A steam dragon (D:6)
  A vampire mosquito (D:10)
  A water moccasin (D:8)
  An ice beast (D:4)
  A sky beast (D:6)
  An ogre (D:4)
  2 centaurs
  2 phantoms
  5 bullfrogs
  A necrophage (D:5)
  2 scorpions
  5 wights (D:7)
  4 killer bees (D:10)
  4 howler monkeys
  A lava snake (D:8)
  3 hounds
  5 jellies
  An orc priest (D:6)
  3 iguanas
  9 orc wizards
  2 hell rats (D:8)
  Robin (D:2)
  2 adders
  2 river rats (D:8)
  A white imp (D:8)
  An ufetubus (D:5)
  3 worms (D:2)
  25 orcs
  6 ball pythons
  3 bats
  7 endoplasms
  3 giant cockroaches
  8 goblins
  9 hobgoblins
  8 jackals
  7 kobolds
  6 quokkas
  4 frilled lizards
  4 rats
  A spectral hobgoblin (D:2)
164 creatures vanquished.

Vanquished Creatures (others)
  15 plants
15 creatures vanquished.

Grand Total: 179 creatures vanquished

Notes
Turn   | Place    | Note
-------+----------+-------------------------------------------
     0 | D:1      | plokij the Minotaur Fighter began the quest for the Orb.
     0 | D:1      | Reached XP level 1. HP: 19/19 MP: 0/0
   318 | D:1      | Reached XP level 2. HP: 26/27 MP: 1/1
  1147 | D:2      | Identified the +4 trident of Onekkes {freeze, rN+ Will+}
  1218 | D:2      | Reached XP level 3. HP: 32/33 MP: 2/2
  1304 | D:2      | Reached skill level 1 in Dodging
  1530 | D:2      | Noticed Robin
  1540 | D:2      | Killed Robin
  1541 | D:2      | Reached XP level 4. HP: 26/40 MP: 3/3
  1732 | D:2      | Found a faded altar of an unknown god.
  2122 | D:3      | Found a snail-covered altar of Cheibriados.
  2134 | D:3      | Found an iron altar of Okawaru.
  2185 | D:3      | Became a worshipper of Warmaster Okawaru
  2970 | D:3      | Found a runed translucent door.
  2971 | D:3      | Noticed safid's ghost (amateur MiHu)
  3299 | D:4      | Identified the +4 scale mail of Syzifete {Harm rElec rC+}
  3311 | D:4      | Noticed a phantom
  3324 | D:4      | Killed a phantom
  3325 | D:4      | Reached XP level 5. HP: 47/47 MP: 4/4
  3682 | D:4      | Found Nounaan's General Store.
  3685 | D:4      | Reached XP level 6. HP: 53/53 MP: 5/5
  3719 | D:4      | Reached skill level 5 in Axes
  3770 | D:4      | Reached * piety under Okawaru
  4217 | D:5      | Entered Level 5 of the Dungeon
  4240 | D:5      | Noticed an ice beast
  4247 | D:4      | Reached skill level 5 in Fighting
  4336 | D:4      | Killed an ice beast
  4337 | D:4      | Reached skill level 5 in Armour
  4337 | D:4      | Reached skill level 5 in Shields
  4337 | D:4      | Reached XP level 7. HP: 55/61 MP: 6/6
  4760 | D:4      | Reached ** piety under Okawaru
  5381 | D:6      | Found a staircase to the Ecumenical Temple.
  5390 | Temple   | Entered the Ecumenical Temple
  5769 | D:6      | Reached XP level 8. HP: 70/70 MP: 7/7
  5782 | D:6      | Reached skill level 5 in Dodging
  5847 | D:6      | Noticed Maggie
  5861 | D:6      | Killed Maggie
  5861 | D:6      | Reached *** piety under Okawaru
  6181 | D:6      | Found a stormy altar of Qazlal.
  6622 | D:6      | Found a sacrificial altar of Ru.
  6880 | D:6      | Reached **** piety under Okawaru
  6881 | D:6      | Reached XP level 9. HP: 71/78 MP: 8/8
  7056 | D:7      | Noticed a cyclops
  7158 | D:7      | Found a transporter.
  7165 | D:7      | Found a transporter.
  7172 | D:7      | Found an ancient bone altar of Kikubaaqudgha.
  7195 | D:7      | Found a bloodstained altar of Trog.
  7712 | D:8      | Noticed a death yak
  7739 | D:8      | Noticed a death yak
  7740 | D:8      | Noticed a death yak
  7942 | D:8      | Paralysed by a hornet for 3 turns
  8377 | D:8      | Found a staircase to the Lair.
  8694 | D:8      | Got Boyplu's Octavo of Execration
  8953 | D:8      | Found a hazy altar of Hepliaklqana.
  8963 | D:8      | Found a glowing golden altar of the Shining One.
  8970 | D:8      | You fall into a shaft and drop 2 floors!
  8970 | D:10     | Entered Level 10 of the Dungeon
  9052 | D:10     | Reached XP level 10. HP: 81/88 MP: 9/9
  9052 | D:10     | Reached ***** piety under Okawaru
  9174 | D:10     | Found Fuap's Antique Armour Shop.
  9232 | D:10     | Killed from afar by an efreet

Illustrated notes

Levels and vault maps discovered:
D:1:      dpeg_arrival_yet_another_circle, layout_loops_ring, minivault_5
D:2:      layout_basic, dreamdust_ecumenical_altar_drowned_temple, uniq_robin
D:3:      layout_loops_corners, mainiacjoe_overflow_catwalk_spiral,
          ebering_ghost_reflecting_pool, lexackson_kobold_supper
D:4:      layout_rooms, serial_shops, shop
D:5:      layout_rooms
D:6:      layout_loops_ring, mainiacjoe_overflow_boulevard,
          nicolae_ru_the_path_less_chosen, minmay_temple_entry_junction_2,
          serial_glass, glass_columns_a, glass_columns_c, uniq_maggie
D:7:      layout_rooms, gammafunk_temple_overflow_arena, lemuel_round_altar,
          enter_bailey_2
D:8:      layout_loops_cross, mainiacjoe_overflow_big_doors, dpeg_lair_monsters,
          kennysheep_opposing_triangles
D:10:     minmay_ornate_pinched, layout_loops_ring, serial_shops,
          nicolae_shop_crystal
Temple:   eino_temple_water

Skill      XL: |  1  2  3  4  5  6  7  8  9 10 |
---------------+-------------------------------+-----
Axes           | 3 4 5 6 7 8 |  8.4
Fighting       | 4 5 6 8 |  8.3
Dodging        | 1 2 3 4 6 7 8 |  8.0
Armour         | 4 5 6 8 |  8.2
Shields        | 4 5 6 8 |  8.3

Action                   |  1- 3 |  4- 6 |  7- 9 | 10-12 || total
-------------------------+-------+-------+-------+-------++-------
Melee: War axe           |    90 |   134 |   209 |    18 ||   451
       Headbutt          |    17 |    15 |    36 |     4 ||    72
Invok: Heroism           |       |       |     2 |     2 ||     4
Armor: Scale mail        |    43 |    71 |    71 |     5 ||   190
Dodge: Dodged            |    40 |   102 |   162 |    15 ||   319
Block: Buckler           |    15 |    32 |    42 |     5 ||    94
